 Dungeon Crawl Stone Soup version 0.32-a0-468-g38b2580584 (webtiles) character file.

Game seed: 13773012395473855091

2601 Dirtsage the Cleaver (level 9, -10/72 HPs)
             Began as a Mountain Dwarf Fighter on Feb 24, 2024.
             Was a Follower of Makhleb.
             Killed by divine providence
             ... invoked by an orc priest
              (17 damage)
             ... on level 6 of the Dungeon.
             The game lasted 00:10:24 (4750 turns).

Dirtsage the Cleaver (Mountain Dwarf Fighter)       Turns: 4750, Time: 00:10:25

Health: -10/72     AC: 14    Str: 23    XL:     9   Next: 33%
Magic:  9/9        EV:  8    Int:  9    God:    Makhleb [*.....]
Gold:   279        SH:  8    Dex:  9    Spells: 8/8 levels left

rFire   . . .        a - +0 war axe (freeze)
rCold   + . .        J - +0 kite shield
rNeg    . . .        b - +0 scale mail
rPois   .            (no helmet)
rElec   .            o - +0 cloak
rCorr   .            B - +1 pair of gloves
SInv    .            (no boots)
Will    .....        v - amulet of regeneration Stlth
                     d - +4 ring of protection
HPRegen 1.12/turn    I - ring of protection from cold
MPRegen 0.11/turn

%: no passive effects
@: no status effects
A: runic magic, artefact enchanting
a: Renounce Religion


You were on level 6 of the Dungeon.
You worshipped Makhleb.
Makhleb was aware of your devotion.
You visited 2 branches of the dungeon, and saw 7 of its levels.
You also visited: Sewer and Ossuary.

You collected 279 gold pieces.

Inventory:

Hand Weapons
 a - a +0 war axe of freezing (weapon)
 y - a +0 heavy hand axe
Missiles
 u - a curare-tipped dart (quivered)
Armour
 b - a +0 scale mail (worn)
 c - a +0 buckler
 o - a +0 cloak (worn)
 B - a +1 pair of gloves (worn)
 J - a +0 kite shield (worn)
Jewellery
 d - a +4 ring of protection (left hand)
 v - an amulet of regeneration (around neck)
 H - a ring of ice
 I - a ring of protection from cold (right hand)
Wands
 l - a wand of mindburst (23)
 s - a wand of paralysis (7)
 E - a wand of quicksilver (9)
Scrolls
 g - 2 scrolls of fear
 h - a scroll of butterflies {unknown}
 i - a scroll of identify
 k - 2 scrolls of noise {unknown}
 n - 3 scrolls of enchant armour
 q - a scroll of immolation {unknown}
 r - a scroll of amnesia {unknown}
 t - 3 scrolls of teleportation
 w - a scroll of brand weapon
 D - 3 scrolls of vulnerability {unknown}
Potions
 e - 5 potions of heal wounds {unknown}
 f - 3 potions of curing {unknown}
 j - a potion of berserk rage
 m - 2 potions of lignification {unknown}
 p - a potion of magic
 x - 4 potions of haste {unknown}
 z - 2 potions of mutation {unknown}
 A - 3 potions of cancellation
 C - a potion of attraction {unknown}
 F - 4 potions of brilliance {unknown}
 G - a potion of experience {unknown}


   Skills:
 + Level 4.4 Fighting
 * Level 14.0 Axes
 + Level 4.5 Armour
 + Level 4.4 Shields


You had 8 spell levels left.
You didn't know any spells.
Your spell library contained the following spells:

 Spells                   Type           Power      Damage    Failure   Level
 Slow                     Hex            0%         N/A       73%         1
 Confusing Touch          Hex            0%         N/A       97%         3
 Sigil of Binding         Hex            0%         N/A       97%         3
 Vampiric Draining        Necr           0%         2d6       97%         3


Dungeon Overview and Level Annotations

Branches:
Dungeon (6/15)             Temple (1/1) D:6           Sewer (visited)
Ossuary (visited)

Altars:
Ashenzari
Cheibriados
Dithmenos
Elyvilon
Fedhas
Gozag
Hepliaklqana
Kikubaaqudgha
Makhleb
Nemelex Xobeh
Okawaru
Qazlal
Ru
Sif Muna
Trog
Uskayaw
Vehumet
Wu Jian
Xom
Yredelemnul
Zin
The Shining One

Shops:
D:3 [


Innate Abilities, Weirdness & Mutations

Your spellcasting is much less encumbered by armour.
You can use scrolls of enchantment on lesser artefacts.


Message History

You take 2 damage, and have 29/72 hp.
You slash the orc warrior! You freeze the orc warrior.
The orc warrior is severely wounded.
The orc warrior closely misses you.
You closely miss the orc warrior.
The orc warrior is severely wounded.
The orc warrior hits you with a +0 scimitar.
You completely miss the orc warrior.
The orc warrior is severely wounded.
You block the orc warrior's attack.
You closely miss the orc warrior.
The orc warrior is severely wounded.
The orc priest looks satisfied for a moment.
You block the orc warrior's attack.
You barely miss the orc warrior.
The orc warrior is severely wounded.
The orc warrior misses you.
You hit the orc warrior. You freeze the orc warrior.
The orc warrior is almost dead.
The orc warrior hits you with a +0 scimitar!
You take 11 damage, and have 22/72 hp.
You closely miss the orc warrior.
The orc warrior is almost dead.
The orc warrior hits you but does no damage.
You barely miss the orc warrior.
The orc warrior is almost dead.
The orc warrior hits you with a +0 scimitar!
* * * LOW HITPOINT WARNING * * *
You take 7 damage, and have 16/72 hp.
You hit the orc warrior. You freeze the orc warrior.
You kill the orc warrior!
Makhleb accepts your kill.
The orc priest invokes the aid of Beogh against you.
Beogh smites you!
* * * LOW HITPOINT WARNING * * *
Your Axes skill increases to level 14!
You take 10 damage, and have 6/72 hp.
The orc priest invokes the aid of Beogh against you.
Beogh smites you!
You die...

### #.#########.#
#...oo.).@..#
#.#########(# #.#
########.#
.......<.#
#######..#
#..##############
#..#.............
#..#.############


You could see an orc priest and an orc.

Vanquished Creatures
  Grinder (D:5)
  Sigmund (D:5)
  A water moccasin (D:5)
  2 orc warriors
  A black bear (D:6)
  An ogre (D:4)
  2 centaurs
  2 phantoms
  4 kobold brigands (Sewer)
  2 brain worms (Sewer)
  A gnoll sergeant (D:6)
  3 scorpions
  3 water moccasin zombies (Ossuary)
  A burial acolyte (Ossuary)
  3 orc priests
  2 hounds (D:6)
  A sleepcap (D:5)
  3 iguanas (D:4)
  A bullfrog simulacrum (Ossuary)
  2 crocodile zombies (Ossuary)
  2 mummies (Ossuary)
  4 gnolls (D:6)
  8 adders
  3 river rats (Sewer)
  A white imp (D:5)
  5 adder zombies (Ossuary)
  4 dart slugs
  2 ribbon worms
  11 orcs
  2 bats
  6 giant cockroaches
  12 gnoll zombies (Ossuary)
  8 goblins
  9 hobgoblins
  10 jackals
  5 quokkas
  5 ball pythons
  8 frilled lizards
  6 jackal zombies (Ossuary)
  9 kobolds
  6 orc zombies (Ossuary)
  9 rats
172 creatures vanquished.

Vanquished Creatures (others)
  A gnoll zombie (Ossuary)
1 creature vanquished.

Grand Total: 173 creatures vanquished

Notes
Turn   | Place    | Note
-------+----------+-------------------------------------------
     0 | D:1      | Dirtsage the Mountain Dwarf Fighter began the quest for the
                  | Orb.
     0 | D:1      | Reached XP level 1. HP: 19/19 MP: 1/1
   118 | D:1      | Reached skill level 3 in Axes
   162 | D:1      | Reached XP level 2. HP: 26/26 MP: 2/2
   295 | D:1      | Found a faded altar of an unknown god.
   825 | D:2      | Reached skill level 4 in Axes
  1155 | D:2      | Reached XP level 3. HP: 30/31 MP: 3/3
  1378 | D:3      | Found Bewn's Antique Armour Shoppe.
  1556 | D:3      | Reached skill level 5 in Axes
  1571 | D:3      | Found a hazy altar of Hepliaklqana.
  1575 | D:3      | Noticed a phantom
  1590 | D:3      | Killed a phantom
  1591 | D:3      | Reached skill level 6 in Axes
  1591 | D:3      | Reached XP level 4. HP: 21/38 MP: 4/4
  1599 | D:3      | Reached XP level 5. HP: 22/45 MP: 5/5
  1766 | D:3      | Found a glowing drain.
  1789 | Sewer    | Entered a sewer
  1845 | Sewer    | Reached skill level 7 in Axes
  1919 | Sewer    | Reached XP level 6. HP: 47/51 MP: 6/6
  2152 | Sewer    | Reached skill level 8 in Axes
  2201 | Sewer    | Reached skill level 9 in Axes
  2236 | Sewer    | Reached XP level 7. HP: 57/57 MP: 7/7
  2767 | D:4      | Reached skill level 10 in Axes
  2972 | D:4      | Reached skill level 11 in Axes
  2988 | D:4      | Identified the +4 short sword "Idozuz" {heavy, rF++ Will+}
  3022 | D:4      | Reached XP level 8. HP: 63/63 MP: 8/8
  3514 | D:5      | Entered Level 5 of the Dungeon
  3514 | D:5      | Noticed Grinder
  3522 | D:5      | Killed Grinder
  3523 | D:5      | Reached skill level 12 in Axes
  3535 | D:5      | Noticed Sigmund
  3568 | D:5      | Killed Sigmund
  3706 | D:5      | Reached skill level 13 in Axes
  4123 | D:6      | Found a staircase to the Ecumenical Temple.
  4131 | D:6      | Reached XP level 9. HP: 71/71 MP: 9/9
  4136 | Temple   | Entered the Ecumenical Temple
  4167 | Temple   | Became a worshipper of Makhleb the Destroyer
  4328 | D:6      | Found a sand-covered staircase.
  4333 | Ossuary  | Entered an ossuary
  4444 | Ossuary  | Reached * piety under Makhleb
  4750 | D:6      | Reached skill level 14 in Axes
  4750 | D:6      | Killed from afar by an orc priest

Illustrated notes

Levels and vault maps discovered:
D:1:      elethiomel_arrival_infinity_welcomes_careful_drivers, layout_rooms,
          hellmonk_ecumenical_altar_crossroads, hangedman_decor_diamond_cutter
D:2:      layout_basic, minmay_ruptured
D:3:      layout_basic, nicolae_hepliaklqana_hazy_memory, portal_sewer_entry_f,
          serial_shops, nicolae_shop_trees
D:4:      layout_basic
D:5:      layout_rooms, uniq_sigmund, uniq_grinder
D:6:      layout_basic, minmay_temple_entry_proselytizer, enter_ossuary_2,
          minivault_26
Temple:   mainiacjoe_temple_archimedes_tessellation

Skill      XL: |  1  2  3  4  5  6  7  8  9 |
---------------+----------------------------+-----
Axes           | 3 4 6 7 9 11 13 14 | 14.0
Armour         | 4 |  4.5
Fighting       | 4 |  4.4
Shields        | 4 |  4.4

Action                     |  1- 3 |  4- 6 |  7- 9 || total
---------------------------+-------+-------+-------++-------
  Melee: War axe           |   135 |   163 |   383 ||   681
  Evoke: Wand              |       |       |     1 ||     1
    Use: Potion            |     1 |       |       ||     1
         Scroll            |       |       |     7 ||     7
   Stab: Paralysed         |       |       |     2 ||     2
 Armour: Scale mail        |   114 |   101 |   196 ||   411
  Dodge: Dodged            |    68 |    60 |   114 ||   242
  Block: Buckler           |    21 |    22 |    53 ||    96
         Kite shield       |       |       |     6 ||     6

Table legend: (Time is in decaauts)
 A = Elapsed time spent in this place.
 B = Non-inter-level travel time spent in this place.
 C = Inter-level travel time spent in this place.
 D = Time resting spent in this place.
 E = Time spent auto-exploring this place.
 F = Levels seen in this place.
 G = Mean time per level.
                   A        B        C        D        E       F      G
               +--------+--------+--------+--------+--------+-----+--------+
         Total |   4953 |   4728 |    225 |      2 |   3288 |   9 |  550.3 |
       Dungeon |   3774 |   3609 |    165 |      2 |   2617 |   6 |  629.0 |
        Temple |     62 |      2 |     60 |      0 |      0 |   1 |   62.0 |
         Sewer |    903 |    903 |      0 |      0 |    597 |   1 |  903.0 |
       Ossuary |    213 |    213 |      0 |      0 |     74 |   1 |  213.0 |
               +--------+--------+--------+--------+--------+-----+--------+

Top non-repeatable levels by time:
   Sewer: 903 daAuts
     D:4: 775 daAuts
     D:2: 752 daAuts
     D:3: 685 daAuts
     D:1: 640 daAuts
     D:5: 497 daAuts
     D:6: 423 daAuts
 Ossuary: 213 daAuts
  Temple: 62 daAuts
